 Dungeon Crawl Stone Soup version 0.22.0-49-gab54619 (webtiles) character file.

74 Lavandula the Chopper (level 4, -3/38 HPs)
             Began as a Centaur Berserker on Sept 4, 2018.
             Was a Believer of Trog.
             Slain by a hungry ghost (5 damage)
             ... on level 3 of the Dungeon.
             The game lasted 00:04:46 (896 turns).

Lavandula the Chopper (Centaur Berserker)            Turns: 896, Time: 00:04:47

Health: -3/38      AC:  4    Str: 21    XL:     4   Next: 9%
Magic:  4/4        EV:  9    Int:  6    God:    Trog [**....]
Gold:   64         SH:  0    Dex:  8    Spells: 3/3 levels left

rFire    . . .     SeeInvis .   a - +0 hand axe
rCold    . . .     Gourm    .   (no shield)
rNeg     . . .     Faith    .   b - +0 animal skin
rPois    .         Spirit   .   (no helmet)
rElec    .         Reflect  .   (no cloak)
rCorr    .         Harm     .   (no gloves)
MR       .....                  (no barding)
Stlth    +.........             (no amulet)
HPRegen  0.12/turn              (no ring)
MPRegen  0.09/turn              (no ring)

@: berserk cooldown, very slightly contaminated, slowed, invisible
A: large, hooves 3, deformed body, speed 2, tough skin 3
a: Berserk, Trog's Hand, Renounce Religion


You were on level 3 of the Dungeon.
You worshipped Trog.
Trog was pleased with you.
You were near starving.

You visited 1 branch of the dungeon, and saw 4 of its levels.

You collected 64 gold pieces.

Inventory:

Hand Weapons
 a - a +0 hand axe (weapon)
 n - a +0 blowgun
Missiles
 o - 3 curare-tipped needles
 p - a javelin (quivered)
Armour
 b - a +0 animal skin (worn)
Scrolls
 d - 2 scrolls of random uselessness {unknown}
 h - a scroll of amnesia {unknown}
 k - a scroll of remove curse {unknown}
 l - a scroll of enchant weapon {unknown}
Potions
 e - a potion of lignification {unknown}
 f - a potion of degeneration {unknown}
 g - a potion of ambrosia {unknown}
 i - a potion of invisibility
 j - a potion of heal wounds {unknown}
Comestibles
 c - 7 rations
 m - 2 chunks of flesh


   Skills:
 - Level 3.0 Fighting
 + Level 4.5 Axes
 - Level 1.3 Armour
 - Level 1.3 Dodging


You had 3 spell levels left.
You didn't know any spells.
Your spell library was empty.

Dungeon Overview and Level Annotations

Branches:
Dungeon (4/15)
 Temple: D:4-7

Altars:

Annotations:
D:4 Menkaure


Innate Abilities, Weirdness & Mutations

You have hooves in place of feet.
Armour fits poorly on your strangely shaped body.
You cover ground very quickly.
You have extremely tough skin. (AC +3)


Message History

* * * LOW HITPOINT WARNING * * *
You are starving!
You miss the hungry ghost. Your kick misses the hungry ghost.
The hungry ghost is severely damaged.
The hungry ghost hits you.
You feel somewhat more hungry. The hungry ghost hits you.
You feel somewhat more hungry.
It was a potion of invisibility.
You fade into invisibility!
You are fainting from starvation!
The hungry ghost hits you.
* * * LOW HITPOINT WARNING * * *
You feel slightly more hungry.
You are very lightly contaminated with residual magic.
Eat one of 3 chunks of flesh? (ye/n/q)
You eat one of the 3 chunks of flesh.
This raw flesh tastes terrible.
You are near starving!
The hungry ghost hits you.
* * * LOW HITPOINT WARNING * * *
You feel somewhat more hungry. The hungry ghost hits you.
You die...

###
#####..(.(
#.@W.....(
#.###.####
#.# #.# #.#
####.#
#....#####
#.........#
#....####.#


You could see a hungry ghost.

Vanquished Creatures
  2 oozes
  4 worms (D:2)
  2 dart slugs (D:2)
  2 orcs (D:3)
  7 bats
  4 giant cockroaches
  4 goblins
  5 hobgoblins
  6 kobolds
  A quokka (D:2)
  A ball python (D:2)
  2 frilled lizards (D:2)
  8 rats
48 creatures vanquished.

Notes
Turn   | Place    | Note
-------+----------+-------------------------------------------
     0 | D:1      | Lavandula the Centaur Berserker began the quest for the
                  | Orb.
     0 | D:1      | Reached XP level 1. HP: 19/19 MP: 1/1
   164 | D:1      | Reached skill level 3 in Axes
   194 | D:1      | Reached XP level 2. HP: 12/26 MP: 2/2
   344 | D:2      | Reached ** piety under Trog
   344 | D:2      | Reached XP level 3. HP: 6/31 MP: 3/3
   394 | D:2      | Reached skill level 4 in Axes
   778 | D:2      | Reached XP level 4. HP: 32/38 MP: 4/4
   843 | D:4      | Noticed Menkaure
   873 | D:3      | Noticed a hungry ghost
   896 | D:3      | Slain by a hungry ghost

Skill      XL: |  1  2  3 |
---------------+----------+-----
Axes           | 3 4 |  4.5
Fighting       | |  3.0
Armour         | |  1.3
Dodging        | |  1.3

Action                   |  1- 3 |  4- 6 || total
-------------------------+-------+-------++-------
Melee: Hand axe          |    96 |    30 ||   126
       Kick              |    22 |       ||    22
Throw: Javelin           |       |     3 ||     3
Invok: Berserk           |     4 |     1 ||     5
  Use: Potion            |       |     1 ||     1
  Eat: Chunk             |     2 |     3 ||     5
Armor: Animal skin       |    32 |     8 ||    40
Dodge: Dodged            |    62 |    11 ||    73
